 Dungeon Crawl Stone Soup version 0.25-a0-571-gb5e01bddfa (webtiles) character file.

Game seed: 9293056233832841572, levelgen mode: classic

1122 EnegeticOcto the Chopper (level 8, -2/75 HPs)
             Began as a Deep Dwarf Fighter on Feb 29, 2020.
             Succumbed to an orc wizard's poison
             ... on level 5 of the Dungeon.
             The game lasted 00:01:14 (785 turns).

EnegeticOcto the Chopper (Deep Dwarf Fighter)        Turns: 785, Time: 00:01:14

Health: -2/75      AC:  8    Str: 22    XL:     8   Next: 12%
Magic:  7/7        EV:  9    Int:  9    God:
Gold:   105        SH: 10    Dex: 12    Spells: 7/7 levels left

rFire    . . .     SeeInvis .   a - +0 war axe
rCold    . . .     Gourm    .   c - +0 kite shield
rNeg     . . .     Faith    .   b - +0 scale mail
rPois    .         Spirit   .   (no helmet)
rElec    .         Reflect  .   (no cloak)
rCorr    .         Harm     .   n - +0 pair of gloves
MR       +....                  (no boots)
Stlth    ..........             (no amulet)
HPRegen  0.00/turn              (no ring)
MPRegen  0.10/turn              (no ring)

@: lethally poisoned (-2 -> -69), non-regenerating
A: damage resistance, heal wounds, sense surroundings 1, no regeneration
a: Heal Wounds


You were on level 5 of the Dungeon.
You were not hungry.

You visited 1 branch of the dungeon, and saw 5 of its levels.

You collected 105 gold pieces.

Inventory:

Hand Weapons
 a - a +0 war axe (weapon)
Armour
 b - a +0 scale mail (worn)
 c - a +0 kite shield (worn)
 n - a +0 pair of gloves (worn)
Wands
 q - a wand of iceblast (4)
Potions
 f - a potion of mutation {unknown}
 g - 2 potions of curing {@q1}
 i - 4 potions of heal wounds {unknown}
 k - a potion of might {@q3}
 m - a potion of lignification {unknown}
 p - a potion of resistance {unknown}
Comestibles
 e - 3 rations


   Skills:
 * Level 5.4 Fighting
 * Level 6.0 Axes
 + Level 5.0 Armour
 + Level 3.6 Dodging
 + Level 5.0 Shields


You had 7 spell levels left.
You didn't know any spells.
Your spell library was empty.

Dungeon Overview and Level Annotations

Branches:
Dungeon (5/15)
 Temple: D:4-7

Altars:
Wu Jian

Shops:
D:4 %


Innate Abilities, Weirdness & Mutations

You are resistant to damage.
You can heal yourself by infusing magical energy.
You passively map a small area around you.
You do not regenerate.


Message History

You are too injured to fight recklessly!
You are too injured to fight recklessly!
You are too injured to fight recklessly!
You are too injured to fight recklessly!
You are too injured to fight recklessly!
You are too injured to fight recklessly!
You are too injured to fight recklessly!
You are too injured to fight recklessly!
You are too injured to fight recklessly!
Your magical essence is drained by the effort!
You feel much better.
You feel sick. Something hits you but does no damage.
You are more poisoned.
The orc hits you with a +0 club.
You hit the orc.
The orc is heavily wounded.
You closely miss something.
You feel very sick. Something hits you but does no damage.
You are more poisoned.
You block the orc's attack.
You hit the orc but do no damage.
The orc is heavily wounded.
You miss something.
You feel very sick. Something hits you.
You are more poisoned.
You block the orc's attack. Something hits you.
You are more poisoned.
You slash the orc!
You kill the orc!
You closely miss something.
You feel very sick. Something hits you but does no damage.
You are lethally poisoned!
No target in view!
No target in view!
No target in view!
No target in view!
No target in view!
No target in view!
No target in view!
No target in view!
No target in view!
You miss something.
You feel very sick. Something hits you but does no damage.
You are more poisoned.
Your shield and scale mail prevent you from hitting something.
You feel very sick. Something hits you.
You are more poisoned.
Something hits you but does no damage.
You are more poisoned.
You feel much better.
You feel very sick. Something hits you.
You are more poisoned.
You feel much better.
You feel very sick.
You hear some strange, mumbled words.
Something tries to affect you, but you resist.
You barely miss something.
You feel very sick. Something hits you but does no damage.
You are more poisoned.
You slash something!
You feel extremely sick. Something hits you but does no damage.
You are lethally poisoned!
You hit something.
You feel extremely sick. Something hits you but does no damage.
You are more poisoned.
You miss something.
You feel extremely sick. Something hits you but does no damage.
You are more poisoned.
Something hits you but does no damage.
You are more poisoned.
You miss something.
You feel extremely sick. Something hits you but does no damage.
You are more poisoned.
You miss something.
You feel extremely sick. Something hits you.
You are more poisoned.
You closely miss something.
* * * LOW HITPOINT WARNING * * *
You feel extremely sick.
You hear some strange, mumbled words.
A puff of flame appears from out of thin air!
The puff of flame hits you.
* * * LOW HITPOINT WARNING * * *
You hear some strange, mumbled words.
A puff of flame appears from out of thin air!
The puff of flame hits you!
* * * LOW HITPOINT WARNING * * *
You miss something.
You die...

#+ #........####.# ,
.... #........##.#.#
....*#........##....
....###'########...#
, *,........=..#
#.#.# ##+#.......#
#.#.. #.#.......#
#.#.. *
**#.........# #.#.#
,##@.((....# ###.#
....!(.{)......# #<#
* ...............#
### .........(#.####
##......#.#.# * ,
........#...# *
###+#..!##..# *
..... .># , ,


There were no monsters in sight!

Vanquished Creatures
  A two-headed ogre (D:4)
  Pikel (D:4)
  A slave (D:4)
  An orc priest (D:5)
  2 orc wizards (D:4)
  3 adders
  2 oozes
  2 adder skeletons (D:4)
  2 worms
  12 orcs
  A giant cockroach (D:1)
  10 jackals
  3 kobolds (D:3)
  A ball python (D:4)
  4 bats
  6 frilled lizards
  A leopard gecko skeleton (D:4)
  2 rats (D:3)
55 creatures vanquished.

Vanquished Creatures (others)
  A slave (D:4)
  A bullfrog skeleton (D:4)
2 creatures vanquished.

Grand Total: 57 creatures vanquished

Notes
Turn   | Place    | Note
-------+----------+-------------------------------------------
     0 | D:1      | EnegeticOcto the Deep Dwarf Fighter began the quest for the
                  | Orb.
     0 | D:1      | Reached XP level 1. HP: 20/20 MP: 1/1
   135 | D:1      | Reached XP level 2. HP: 27/27 MP: 2/2
   278 | D:3      | Reached XP level 3. HP: 34/34 MP: 3/3
   308 | D:3      | Found an ornate altar of the Wu Jian Council.
   346 | D:3      | Reached skill level 3 in Axes
   346 | D:3      | Reached skill level 1 in Dodging
   396 | D:4      | Found Byokh's Food Shoppe.
   454 | D:4      | Reached XP level 4. HP: 35/42 MP: 4/4
   505 | D:4      | Reached XP level 5. HP: 32/49 MP: 5/5
   552 | D:4      | Noticed Pikel
   554 | D:4      | Noticed a slave
   555 | D:4      | Noticed a slave
   559 | D:4      | Noticed a two-headed ogre
   559 | D:4      | Noticed a slave
   560 | D:4      | Noticed a slave
   578 | D:4      | Killed a slave
   592 | D:4      | Killed Pikel
   592 | D:4      | Reached skill level 5 in Axes
   592 | D:4      | Reached XP level 6. HP: 53/58 MP: 6/6
   592 | D:4      | Reached XP level 7. HP: 60/66 MP: 7/7
   610 | D:4      | Killed a two-headed ogre
   610 | D:4      | Reached skill level 5 in Fighting
   610 | D:4      | Reached skill level 6 in Axes
   610 | D:4      | Reached skill level 5 in Armour
   610 | D:4      | Reached skill level 5 in Shields
   610 | D:4      | Reached XP level 8. HP: 61/74 MP: 8/8
   691 | D:5      | Entered Level 5 of the Dungeon
   785 | D:5      | Succumbed to an orc wizard's poison

Levels and vault maps discovered:
D:1:      dpeg_arrival_concentric_ovals, layout_basic
D:2:      layout_rooms, gammafunk_temple_overflow_wave, dk_noncrumbling_4,
          bloody_trog
D:3:      layout_rooms, old_standard_altar, first_ration,
          kennysheep_big_empty_room, hex_large, grunt_ministairs_6
D:4:      layout_rooms, serial_shops, kennysheep_mini, uniq_pikel
D:5:      layout_basic, minmay_temple_entry_arrows

Skill      XL: |  1  2  3  4  5  6  7 |
---------------+----------------------+-----
Fighting       | 3 4 5 |  5.4
Axes           | 3 5 6 |  6.0
Dodging        | 1 2 3 |  3.6
Armour         | 4 5 |  5.0
Shields        | 4 5 |  5.0

Action                   |  1- 3 |  4- 6 |  7- 9 || total
-------------------------+-------+-------+-------++-------
Melee: War axe           |    80 |    49 |    38 ||   167
 Abil: Heal Wounds       |     2 |     9 |     8 ||    19
  Use: Scroll            |       |       |     3 ||     3
Armor: Scale mail        |    44 |    48 |    16 ||   108
Dodge: Dodged            |    29 |    46 |    13 ||    88
Block: Kite shield       |    59 |    66 |    23 ||   148

Table legend:
 A = Non-vault XP
 B = Vault XP
 C = Vault XP percentage of total XP
 D = Non-vault monster count
 E = Vault monster count
 F = Vault count percentage of total count
                 A         B        C        D         E       F
            +---------+---------+-------+---------+---------+-------
      Total |     983 |     620 |  38.7 |      52 |       3 |   5.5
            +---------+---------+-------+---------+---------+-------
        D:1 |      12 |       0 |   0.0 |       5 |       0 |   0.0
        D:2 |       5 |       0 |   0.0 |       1 |       0 |   0.0
        D:3 |      45 |       3 |   6.2 |      14 |       2 |  12.5
        D:4 |     858 |     617 |  41.8 |      27 |       1 |   3.6
        D:5 |      63 |       0 |   0.0 |       5 |       0 |   0.0
            +---------+---------+-------+---------+---------+-------
